 Dungeon Crawl Stone Soup version 0.31-a0-965-g8a8ce12e04 (webtiles) character file.

Game seed: 17413373464482810652

272 Dordric the Changeling (level 6, -1/38 HPs)
             Began as an Octopode Shapeshifter on Oct 27, 2023.
             Slain by an orc
             ... wielding a +0 falchion
              (6 damage)
             ... on level 3 of the Dungeon.
             The game lasted 00:01:46 (1846 turns).

Dordric the Changeling (Octopode Shapeshifter)      Turns: 1846, Time: 00:01:47

Health: -1/38      AC:  5    Str: 15    XL:     6   Next: 23%
Magic:  6/6        EV: 13    Int: 13    God:
Gold:   130        SH:  0    Dex: 11    Spells: 5/5 levels left

rFire   . . .        x - +3 dagger
rCold   . . .        (no shield)
rNeg    . . .        (helmet currently unavailable)
rPois   .            f - amulet of regeneration
rElec   .            j - +4 ring of protection
rCorr   .            (no ring)
SInv    .            (no ring)
Will    .....        (no ring)
Stlth   ++           (no ring)
HPRegen 1.06/turn    (no ring)
MPRegen 0.10/turn    (no ring)
                     (no ring)

%: no passive effects
@: beast-form
A: beast (slay +3), almost no armour, amphibious, 8 rings, camouflage 1,
gelatinous body 1, (nimble swimmer 1), tentacles
a: Begin Untransformation


You were on level 3 of the Dungeon.
You were a hulking beast.
You visited 1 branch of the dungeon, and saw 3 of its levels.

You collected 130 gold pieces.

Inventory:

Hand Weapons
 x - a +3 dagger (weapon)
Jewellery
 f - an amulet of regeneration (around mantle)
 j - a +4 ring of protection (left tentacle)
Talismans
 b - a beast talisman
 c - a flux talisman
Wands
 m - a wand of polymorph (10)
Scrolls
 d - a scroll of butterflies {unknown}
 e - a scroll of fear {unknown}
 g - 3 scrolls of teleportation {unknown}
 h - 3 scrolls of identify {unknown}
 i - a scroll of torment {unknown}
 k - 2 scrolls of vulnerability {unknown}
 p - a scroll of blinking {unknown}
 r - a scroll of poison {unknown}
 s - a scroll of enchant weapon {unknown}
 w - a scroll of fog {unknown}
Potions
 a - a potion of lignification
 l - a potion of cancellation {unknown}
 n - 2 potions of magic {unknown}
 o - a potion of attraction {unknown}
 q - a potion of berserk rage {unknown}
 t - 2 potions of degeneration {unknown}
 u - a potion of might {unknown}
 v - a potion of ambrosia {unknown}


   Skills:
 - Level 1.6 Fighting
 - Level 2.3 Dodging
 - Level 3.3 Unarmed Combat
 + Level 5.9 Shapeshifting


You had 5 spell levels left.
You didn't know any spells.
Your spell library contained the following spells:

 Spells                   Type           Power      Damage    Failure   Level
 Freeze                   Ice            0%         1d3       30%         1
 Magic Dart               Conj           0%         1d3       30%         1
 Searing Ray              Conj           0%         2d4       43%         2
 Frozen Ramparts          Ice            0%         1d1       67%         3
 Hailstorm                Conj/Ice       0%         3d3       67%         3
 Fulminant Prism          Conj/Hex       0%         3d5       97%         4


Dungeon Overview and Level Annotations

Branches:
Dungeon (3/15)

Altars:

Shops:
D:1 ?[((


Innate Abilities, Weirdness & Mutations

You are a hulking beast.
Your limbs bulge with bestial killing power. (Slay +3)
You cannot wear most types of armour.
You are amphibious.
You can wear up to eight rings at the same time.
Your skin changes colour to match your surroundings (Stealth+).
Your rubbery body absorbs attacks. (AC +1, EV +1)
((You are camouflaged when in or above water. (Stealth+)))
You have tentacles for arms and can constrict up to eight enemies at once.


Message History

The orc priest shouts!
The orc barely misses you.
An adder comes into view.
You hit the orc. You grab the orc.
The orc is severely wounded.
You constrict the orc.
You kill the orc!
The orc priest calls down the wrath of Beogh upon you.
Pain shoots through your body! The orc hits you with a +0 club.
The orc hits you with a +0 falchion.
The orc priest calls down the wrath of Beogh upon you.
Beogh smites you!
* * * LOW HITPOINT WARNING * * *
The orc hits you but does no damage.
You hit the orc priest. Your grab misses the orc priest.
The orc priest is lightly wounded.
The orc completely misses you. The orc priest closely misses you.
The orc hits you but does no damage.
You puncture the orc priest! You grab the orc priest.
You squeeze the orc priest.
You kill the orc priest!
The orc hits you with a +0 falchion.
* * * LOW HITPOINT WARNING * * *
The orc closely misses you.
You hit the adder. You grab the adder.
The adder is heavily wounded.
You constrict the adder. The adder bites you.
* * * LOW HITPOINT WARNING * * *
The orc hits you but does no damage. The orc barely misses you.
You hit the adder.
You kill the adder!
The orc misses you. The orc barely misses you.
A gnoll comes into view. It is wielding a +0 flail.
You closely miss the orc.
The gnoll shouts!
Your grab misses the orc. You tentacle-slap the orc.
The orc is heavily wounded.
You hear a shout!
The orc hits you with a +0 falchion.
You die...

..............#...#####
...............#...#####
...............#...#....
...............#........
........................
...............#........
...............#...##...
.......)o......#...##...
g.....)ho......#...##...
...........#############
...........#............
..)........#............
#########..#............
#.##............
8.##............
.##.....[......
#......⌠.....


You could see a gnoll and 2 orcs.

Vanquished Creatures
  2 orc priests (D:3)
  Natasha (thrice) (D:2)
  An orc wizard (D:3)
  3 gnolls (D:3)
  3 adders
  A worm (D:2)
  5 orcs (D:3)
  5 ball pythons
  4 endoplasms
  4 giant cockroaches
  8 goblins
  3 hobgoblins
  8 bats
  4 kobolds
  A rat (D:1)
55 creatures vanquished.

Notes
Turn   | Place    | Note
-------+----------+-------------------------------------------
     0 | D:1      | Dordric the Octopode Shapeshifter began the quest for the
                  | Orb.
     0 | D:1      | Reached XP level 1. HP: 13/13 MP: 1/1
    10 | D:1      | Found Niamu Azics's Weapon Shoppe.
    91 | D:1      | Reached XP level 2. HP: 6/18 MP: 2/2
   531 | D:1      | Reached XP level 3. HP: 19/23 MP: 3/3
   557 | D:1      | Found Cerajoom's Weapon Boutique.
   638 | D:1      | Found Dycavuku's Antique Armour Emporium.
   707 | D:1      | Found Elam's Magic Scroll Emporium.
  1112 | D:2      | Noticed Natasha
  1116 | D:2      | Killed Natasha
  1126 | D:2      | Reached XP level 4. HP: 25/28 MP: 4/4
  1151 | D:2      | Noticed Natasha
  1156 | D:2      | Killed Natasha
  1157 | D:2      | Reached skill level 4 in Shapeshifting
  1283 | D:2      | Noticed Natasha
  1289 | D:2      | Killed Natasha
  1290 | D:2      | Reached XP level 5. HP: 33/33 MP: 5/5
  1681 | D:3      | Reached skill level 5 in Shapeshifting
  1782 | D:3      | Reached XP level 6. HP: 31/38 MP: 6/6
  1846 | D:3      | Slain by an orc

Illustrated notes

Levels and vault maps discovered:
D:1:      tarquinn_simple_flora_water_e, layout_basic, serial_shops, shop,
          nicolae_shop_real_fake_doors, nicolae_shop_back_alley_shop,
          nicolae_shop_bloodbath_and_beyond, minmay_strange_pillars,
          chequers_jeans, minmay_tromino_v7
D:2:      layout_basic, uniq_natasha
D:3:      layout_basic, minitemple, mainiacjoe_overflow_small_starburst,
          kennysheep_generic_room_16

Skill      XL: |  1  2  3  4  5 |
---------------+----------------+-----
Shapeshifting  | 4 5 |  5.9
Fighting       | |  1.6
Dodging        | |  2.3
Unarmed Combat | |  3.3

Action                     |  1- 3 |  4- 6 || total
---------------------------+-------+-------++-------
  Melee: Unarmed           |    59 |    54 ||   113
         Constrict         |    17 |    16 ||    33
         Tentacles         |     4 |    12 ||    16
         Punch             |       |     3 ||     3
         Dagger            |       |     7 ||     7
   Stab: Sleeping          |     7 |     2 ||     9
         Distracted        |     1 |       ||     1
 Armour: Skin              |    27 |    35 ||    62
  Dodge: Dodged            |    41 |    23 ||    64

Table legend: (Time is in decaauts)
 A = Elapsed time spent in this place.
 B = Non-inter-level travel time spent in this place.
 C = Inter-level travel time spent in this place.
 D = Time resting spent in this place.
 E = Time spent auto-exploring this place.
 F = Levels seen in this place.
 G = Mean time per level.
                   A        B        C        D        E       F      G
               +--------+--------+--------+--------+--------+-----+--------+
         Total |   1843 |   1779 |     64 |      0 |   1442 |   3 |  614.3 |
       Dungeon |   1843 |   1779 |     64 |      0 |   1442 |   3 |  614.3 |
               +--------+--------+--------+--------+--------+-----+--------+

Top non-repeatable levels by time:
     D:1: 952 daAuts
     D:2: 637 daAuts
     D:3: 254 daAuts
